 Dungeon Crawl Stone Soup version 0.29.1-1-gd02db6906a (webtiles) character file.

Game seed: 3281698292696853503

95 AlexRAT the Trooper (level 4, -1/61 HPs)
             Began as a Minotaur Berserker on Oct 12, 2022.
             Was a Believer of Trog.
             Slain by an orc wizard
             ... wielding a +0 dagger
              (3 damage)
             ... on level 3 of the Dungeon.
             The game lasted 00:02:18 (2582 turns).

AlexRAT the Trooper (Minotaur Berserker)            Turns: 2582, Time: 00:02:19

Health: -1/61      AC:  6    Str: 24    XL:     4   Next: 40%
Magic:  3/3        EV: 10    Int:  4    God:    Trog [**....]
Gold:   73         SH:  0    Dex:  9    Spells: 3/3 levels left

rFire   . . .      SeeInvis .   a - +0 hand axe
rCold   . . .      Faith    .   (no shield)
rNeg    . . .      Spirit   .   l - +0 scale mail
rPois   .          Reflect  .   (helmet restricted)
rElec   .          Harm     .   (no cloak)
rCorr   .          Rampage  .   (no gloves)
Will    .....                   (no boots)
Stlth   ..........              (no amulet)
HPRegen 0.20/turn               c - ring of flight
MPRegen 0.08/turn               (no ring)

@: berserking, attractive, flying, invisible, very quick
A: horns 2, retaliatory headbutt, hooves 1, inability to drink after injury 1
a: Renounce Religion, Berserk, Trog's Hand


You were on level 3 of the Dungeon.
You worshipped Trog.
Trog was pleased with you.
You visited 1 branch of the dungeon, and saw 3 of its levels.

You collected 73 gold pieces.

Inventory:

Hand Weapons
 a - a +0 hand axe (weapon)
Armour
 b - a +0 animal skin
 l - a +0 scale mail (worn)
Jewellery
 c - a ring of flight (left hand)
Wands
 n - a wand of roots (4)
Scrolls
 h - 2 scrolls of blinking {unknown}
 i - 2 scrolls of vulnerability {unknown}
 j - a scroll of identify {unknown}
 k - a scroll of teleportation {unknown}
 m - a scroll of poison {unknown}
Potions
 d - a potion of attraction
 o - a potion of lignification {unknown}


   Skills:
 + Level 4.5 Fighting
 + Level 4.3 Axes
 + Level 3.4 Armour
 + Level 3.2 Dodging


You had 3 spell levels left.
You didn't know any spells.
Your spell library was empty.

Dungeon Overview and Level Annotations

Branches:
Dungeon (3/15)

Altars:

Shops:
D:3 [


Innate Abilities, Weirdness & Mutations

You have a pair of horns on your head.
You reflexively headbutt those who attack you in melee.
You have large cloven feet.
You occasionally lose the ability to drink potions when taking damage.


Message History

You hit something but do no damage. You hit the orc.
You kill the orc!
Trog accepts your kill. Something hits you but does no damage.
You hit something. Something hits you but does no damage.
You miss something.
You hear some strange, mumbled words.
A magic dart appears from out of thin air!
The magic dart hits you!
* * * LOW HITPOINT WARNING * * *
You miss something. Your headbutt misses something.
You hear some strange, mumbled words.
Something tries to affect you, but you resist.
You barely miss something. Your headbutt misses something.
You hear some strange, mumbled words.
You are confused.
You're too confused to move!
Something hits you.
* * * LOW HITPOINT WARNING * * *
You barely miss something. Your headbutt misses something. Something hits you.
* * * LOW HITPOINT WARNING * * *
You are too confused!
You're too confused to move!
Something hits you but does no damage.
You closely miss something. Something hits you but does no damage.
Something hits you but does no damage.
It was a potion of attraction.
You feel attractive to monsters. Something hits you but does no damage.
It was a potion of mutation.
You feel extremely strange.
You occasionally lose the ability to drink potions when taking damage.
Your feet thicken and deform.
You feel less confused. Something hits you but does no damage.
It was a potion of invisibility.
You fade into invisibility!
Something hits you.
* * * LOW HITPOINT WARNING * * *
It was a potion of berserk rage.
A red film seems to cover your vision as you go berserk!
You feel yourself moving faster!
You feel mighty! Something hits you.
You die...

#..<..<...
#.........#####.##......
#...........).†.......†)
........<.#.....##.∩.#..
..............#.##.###..
#.......?........#.###.#
#.............#.........
#............#.........
##.....@#...............
......){......#.........
......)###....#..##.#.##
....... #....#....... #
......# #.........#####
...... ###........## #..
..................####.#
......##...............#
..... #................


There were no monsters in sight!

Vanquished Creatures
  2 adders (D:2)
  3 worms (D:2)
  A dart slug (D:1)
  5 orcs (D:3)
  11 bats
  5 endoplasms (D:1)
  2 giant cockroaches
  3 goblins (D:1)
  A hobgoblin (D:3)
  2 jackals (D:2)
  2 quokkas
  11 ball pythons
  5 frilled lizards
  5 kobolds
  A rat (D:1)
59 creatures vanquished.

Notes
Turn   | Place    | Note
-------+----------+-------------------------------------------
     0 | D:1      | AlexRAT the Minotaur Berserker began the quest for the Orb.
     0 | D:1      | Reached XP level 1. HP: 19/19 MP: 0/0
    25 | D:1      | Found a faded altar of an unknown god.
   216 | D:1      | Reached XP level 2. HP: 21/27 MP: 1/1
   621 | D:1      | Reached ** piety under Trog
   725 | D:1      | Reached XP level 3. HP: 33/33 MP: 2/2
  1909 | D:2      | Reached XP level 4. HP: 41/41 MP: 3/3
  2390 | D:3      | Found Dinwijee's Antique Armour Shoppe.
  2575 | D:3      | HP: 2/41 [something (1)]
  2580 | D:3      | Gained mutation: You occasionally lose the ability to drink
                  | potions when taking damage. [potion of mutation]
  2580 | D:3      | Gained mutation: You have large cloven feet. [potion of
                  | mutation]
  2581 | D:3      | HP: 1/41 [something (2)]
  2582 | D:3      | Slain by an orc wizard

Illustrated notes

Levels and vault maps discovered:
D:1:      onia_arrival_mini_maze_b, layout_loops_ring,
          ebering_ecumenical_altar_webs, minmay_misc_feat_nine_boxes,
          minmay_shallow_snake_nest
D:2:      layout_basic
D:3:      layout_rooms, serial_shops, shop

Skill      XL: |  1  2  3 |
---------------+----------+-----
Fighting       | 4 |  4.5
Axes           | 4 |  4.3
Armour         | 3 |  3.4
Dodging        | 3 |  3.2

Action                   |  1- 3 |  4- 6 || total
-------------------------+-------+-------++-------
Melee: Hand axe          |    99 |    40 ||   139
       Headbutt          |    11 |     7 ||    18
       Punch             |     1 |       ||     1
  Use: Potion            |       |     4 ||     4
Armor: Animal skin       |    32 |     1 ||    33
       Scale mail        |       |    16 ||    16
Dodge: Dodged            |    84 |    14 ||    98
